 Dungeon Crawl Stone Soup version 0.29-a0-251-g80730f7218 (webtiles) character file.

Game seed: 3166157530513006008

1472 bande the Chopper (level 8, 0/49 HPs)
             Began as a Gargoyle Fighter on Mar 6, 2022.
             Slain by a sky beast (4 damage)
             ... on level 6 of the Dungeon.
             The game lasted 00:11:37 (6414 turns).

bande the Chopper (Gargoyle Fighter)                Turns: 6414, Time: 00:11:37

Health: 0/49       AC: 25    Str: 19    XL:     8   Next: 78%
Magic:  8/8        EV:  7    Int: 10    God:
Gold:   238        SH:  5    Dex: 11    Spells: 7/7 levels left

rFire   . . .      SeeInvis .   x - +0 war axe (elec)
rCold   . . .      Faith    .   c - +0 buckler
rNeg    + . .      Spirit   .   b - +0 storm dragon scales
rPois   ∞          Reflect  .   A - +1 hat
rElec   +          Harm     .   (no cloak)
rCorr   .          Rampage  .   h - +0 pair of gloves
Will    .....                   o - +0 pair of boots
Stlth   ..........              (no amulet)
HPRegen 0.16/turn               l - +4 ring of protection
MPRegen 0.11/turn               (no ring)

@: no status effects
A: sickness immunity, AC +5, negative energy resistance 1, electricity
resistance, torment resistance 1, petrification resistance
a: no special abilities


You were on level 6 of the Dungeon.
You visited 2 branches of the dungeon, and saw 7 of its levels.

You collected 238 gold pieces.

Inventory:

Hand Weapons
 a - a +0 war axe of venom
 r - a +0 flail
 x - a +0 war axe of electrocution (weapon)
Armour
 b - +0 storm dragon scales (worn)
 c - a +0 buckler (worn)
 h - a +0 pair of gloves (worn)
 j - a +1 chain mail of positive energy
 o - a +0 pair of boots (worn)
 s - a +0 helmet
 A - a +1 hat (worn)
Jewellery
 i - a ring of wizardry
 l - a +4 ring of protection (left hand)
 t - a ring of magical power
Wands
 p - a wand of paralysis (7)
 q - a wand of digging (5)
Scrolls
 e - 6 scrolls of teleportation
 v - 2 scrolls of identify
Potions
 d - 2 potions of might
 f - 2 potions of magic
 g - 3 potions of curing
 k - a potion of invisibility
 m - a potion of attraction {unknown}
 n - 2 potions of brilliance
 u - a potion of resistance {unknown}
 w - a potion of heal wounds {unknown}
 z - a potion of flight {unknown}
 B - a potion of mutation {unknown}


   Skills:
 + Level 5.2 Fighting
 + Level 6.6 Axes
 + Level 5.9 Armour
 + Level 4.7 Shields
 * Level 3.6 Evocations


You had 7 spell levels left.
You didn't know any spells.
Your spell library contained the following spells:

 Spells                   Type           Power      Damage    Failure   Level
 Ignite Poison            Fire/Tmut/Pois 0%         N/A       100%        3
 Mephitic Cloud           Conj/Pois/Air  0%         N/A       100%        3
 Petrify                  Tmut/Erth      0%         N/A       100%        4
 Freezing Cloud           Conj/Ice/Air   0%         6-21      100%        5
 Metabolic Englaciation   Hex/Ice        0%         N/A       100%        5
 Statue Form              Tmut/Erth      Unusable   N/A       N/A         6

Dungeon Overview and Level Annotations

Branches:
Dungeon (6/15)             Temple (1/1) D:5

Altars:
Cheibriados
Dithmenos
Elyvilon
Gozag
Hepliaklqana
Kikubaaqudgha
Makhleb
Qazlal
Trog
Uskayaw
Vehumet
Wu Jian
Xom
Yredelemnul
Zin
The Shining One
Beogh

Shops:
D:5 =

Annotations:
D:5 1 runed translucent door


Innate Abilities, Weirdness & Mutations

You are immune to sickness and miasma.
Your stone body is resilient. (AC +5)
You are immune to poison.
You resist negative energy. (rN+)
You are resistant to electric shocks. (rElec)
You are resistant to unholy torment.
You are immune to petrification.


Message History

The orc warrior hits you but does no damage.
The sky beast hits you but does no damage.
The orc barely misses you.
The sky beast hits you but does no damage.
You block the orc warrior's attack.
You hit the orc warrior.
The orc warrior is almost dead.
You barely miss the sky beast. The orc hits you but does no damage.
You block the orc warrior's attack. The sky beast barely misses you.
Unknown command.
You closely miss the orc warrior.
The orc warrior is almost dead.
You hit the sky beast. The orc hits you but does no damage.
The orc warrior hits you with a +0 halberd!
* * * LOW HITPOINT WARNING * * *
You block the sky beast's attack. You block the orc's attack.
You hit the orc warrior.
The orc warrior is almost dead.
You closely miss the sky beast.
The orc warrior hits you but does no damage.
The sky beast hits you.
* * * LOW HITPOINT WARNING * * *
The sky beast shocks you. You resist.
* * * LOW HITPOINT WARNING * * *
The orc barely misses you.
Unknown command.
You feel better.
The orc warrior hits you with a +0 halberd!
* * * LOW HITPOINT WARNING * * *
The sky beast barely misses you. You block the orc's attack.
You feel better. You block the orc warrior's attack.
You block the sky beast's attack.
The orc hits you from afar with a +0 trident!
* * * LOW HITPOINT WARNING * * *
Unknown command.
You hit the orc warrior but do no damage.
The orc warrior is almost dead.
You hit the sky beast. The orc warrior completely misses you.
The sky beast hits you.
You die...

.....[....# .# ##
..........## ...
##.###...####..# ..
#...<.....##..###.#
##............#.#.#
#.......#.........###
#.......##.....≈....##.
#.......#......Y.......
#...###....####@o##...
#....# ###..# #.##
#....# #### #o# ......
... #..... ... #.....
....# ..#.# ### ..


You could see an orc warrior, a sky beast and an orc.

Vanquished Creatures
  The ghost of ZeroWinrate the Grasshopper, a novice GnWn of Gozag (D:4)
  A black bear (D:4)
  An ice beast (D:6)
  A gnoll sergeant (D:5)
  4 scorpions
  2 jellies
  6 hounds
  A gnoll shaman (D:5)
  4 iguanas
  3 orc wizards
  3 adders
  7 gnolls
  An ufetubus (D:5)
  A worm (D:5)
  5 dart slugs
  15 orcs
  6 ball pythons
  5 endoplasms
  8 giant cockroaches
  6 goblins
  8 hobgoblins
  4 jackals (D:1)
  12 kobolds
  5 quokkas
  5 bats
  2 frilled lizards
  6 rats
123 creatures vanquished.

Vanquished Creatures (others)
  6 plants (D:4)
6 creatures vanquished.

Grand Total: 129 creatures vanquished

Notes
Turn   | Place    | Note
-------+----------+-------------------------------------------
     0 | D:1      | bande the Gargoyle Fighter began the quest for the Orb.
     0 | D:1      | Reached XP level 1. HP: 14/14 MP: 1/1
   248 | D:1      | Reached XP level 2. HP: 19/19 MP: 2/2
   278 | D:1      | Reached skill level 2 in Axes
   424 | D:1      | Reached XP level 3. HP: 18/23 MP: 3/3
   724 | D:1      | Found a faded altar of an unknown god.
  1484 | D:2      | Identified the +2 leather armour of Gialyss {Will++}
  1602 | D:2      | Reached XP level 4. HP: 8/29 MP: 4/4
  2286 | D:2      | Reached skill level 3 in Axes
  2807 | D:3      | Reached XP level 5. HP: 27/33 MP: 5/5
  2956 | D:4      | Found a hazy altar of Hepliaklqana.
  2958 | D:4      | Found an ornate altar of the Wu Jian Council.
  2958 | D:4      | Found a white marble altar of Elyvilon.
  2959 | D:4      | Noticed a black bear
  2969 | D:4      | Killed a black bear
  2970 | D:4      | Reached skill level 4 in Axes
  2970 | D:4      | Reached skill level 1 in Evocations
  2970 | D:4      | Reached XP level 6. HP: 30/38 MP: 6/6
  4001 | D:5      | Entered Level 5 of the Dungeon
  4014 | D:5      | Reached XP level 7. HP: 31/43 MP: 7/7
  4023 | D:5      | Reached skill level 5 in Armour
  4369 | D:4      | Reached skill level 5 in Axes
  4672 | D:5      | Found Hamitep's Jewellery Shoppe.
  4749 | D:5      | Found a runed translucent door.
  4753 | D:5      | Noticed ZeroWinrate's ghost (novice GnWn)
  4891 | D:5      | Found a runed translucent door.
  5299 | D:5      | Found a stormy altar of Qazlal.
  5425 | D:5      | Found a staircase to the Ecumenical Temple.
  5431 | Temple   | Entered the Ecumenical Temple
  5483 | D:5      | Reached XP level 8. HP: 38/48 MP: 8/8
  5879 | D:4      | Killed ZeroWinrate's ghost
  5880 | D:4      | Reached skill level 5 in Fighting
  5880 | D:4      | Reached skill level 6 in Axes
  6414 | D:6      | Slain by a sky beast

Illustrated notes

Levels and vault maps discovered:
D:1:      dpeg_arrival_more_subterranean_lakeside_camping, layout_basic,
          hellmonk_ecumenical_altar_defaced_shrine
D:2:      layout_rooms, minmay_split_cup_small
D:3:      layout_basic
D:4:      cheibrodos_old_hovel, layout_loops_corners,
          grunt_temple_overflow_open, supply_closet_lemuel
D:5:      layout_rooms, nicolae_qazlal_scattered_showers, temple_green,
          ebering_ghost_sewer_f, minmay_shop_enchanted_jewellery, st_stairs_9,
          minivault_5
D:6:      layout_cave_pools, mainiacjoe_overflow_paths,
          mainiacjoe_overflow_24_doors, gammafunk_temple_overflow_wave,
          gammafunk_ghost_gnarly_gnolls, abandoned_shop, uniq_menkaure,
          uniq_grinder
Temple:   nicolae_temple_no_exploring_needed

Skill      XL: |  1  2  3  4  5  6  7  8 |
---------------+-------------------------+-----
Axes           | 2 3 4 5 6 |  6.6
Armour         | 4 5 |  5.9
Fighting       | 4 5 |  5.2
Evocations     | 1 2 3 |  3.6
Shields        | 4 |  4.7

Action                   |  1- 3 |  4- 6 |  7- 9 || total
-------------------------+-------+-------+-------++-------
Melee: War axe           |    97 |   132 |   173 ||   402
  Use: Scroll            |     2 |     6 |     3 ||    11
       Potion            |       |       |     2 ||     2
Armor: Scale mail        |    59 |     4 |       ||    63
       Storm dragon scal |       |   126 |   192 ||   318
Dodge: Dodged            |    54 |    53 |    96 ||   203
Block: Buckler           |    23 |    28 |    74 ||   125

Table legend: (Time is in decaauts)
 A = Elapsed time spent in this place.
 B = Non-inter-level travel time spent in this place.
 C = Inter-level travel time spent in this place.
 D = Time resting spent in this place.
 E = Time spent auto-exploring this place.
 F = Levels seen in this place.
 G = Mean time per level.
                   A        B        C        D        E       F      G
               +--------+--------+--------+--------+--------+-----+--------+
         Total |   6554 |   6530 |     24 |   1547 |   3642 |   7 |  936.3 |
       Dungeon |   6553 |   6529 |     24 |   1547 |   3642 |   6 | 1092.2 |
        Temple |      1 |      1 |      0 |      0 |      0 |   1 |    1.0 |
               +--------+--------+--------+--------+--------+-----+--------+

Top non-repeatable levels by time:
     D:4: 2064 daAuts
     D:1: 1469 daAuts
     D:5: 1331 daAuts
     D:2: 1044 daAuts
     D:3: 485 daAuts
     D:6: 156 daAuts
  Temple: 1 daAuts
